 Dungeon Crawl Stone Soup version 0.30-a0-377-g5cb311bc9f (webtiles) character file.

Game seed: 3104375107076407034

263 SmokeWeed the Sneak (level 5, -1/25 HPs)
             Began as a Spriggan Conjurer on Nov 30, 2022.
             Killed by divine providence
             ... invoked by an orc priest
              (12 damage)
             ... on level 4 of the Dungeon.
             The game lasted 00:12:59 (3279 turns).

SmokeWeed the Sneak (Spriggan Conjurer)             Turns: 3279, Time: 00:12:59

Health: -1/25      AC:  2    Str:  5    XL:     5   Next: 97%
Magic:  0/12       EV: 17    Int: 19    God:
Gold:   180        SH:  0    Dex: 14    Spells: 9/12 levels left

rFire   + + +      SeeInvis +    g - +4 rapier of Dismay {flame, rF+++}
rCold   . . .      Faith    .    (no shield)
rNeg    . . .      Spirit   .    a - +0 robe
rPois   .          Reflect  .    (helmet restricted)
rElec   .          Harm     .    (no cloak)
rCorr   .          Rampage  .    (gloves unavailable)
Will    .....                    (boots unavailable)
Stlth   +++.......               (no amulet)
HPRegen 0.24/turn                (no ring)
MPRegen 0.13/turn                (no ring)

@: very quick
A: very small, no large weapons, unfitting armour, see invisible, speed 3
a: no special abilities


You were on level 4 of the Dungeon.
You visited 1 branch of the dungeon, and saw 4 of its levels.

You collected 180 gold pieces.

Inventory:

Hand Weapons
 g - the +4 rapier of Dismay (weapon) {flame, rF+++}
   (You found it on level 2 of the Dungeon)

   It burns those it strikes, dealing additional fire damage.
   rF:        It renders you almost immune to fire.
Missiles
 h - 5 atropa-tipped darts
 j - a boomerang
Armour
 a - a +0 robe (worn)
Jewellery
 c - an amulet of faith
Wands
 l - a wand of charming (7)
Scrolls
 f - 6 scrolls of magic mapping
 m - a scroll of teleportation
Potions
 b - a potion of magic
 d - 2 potions of curing
 e - a potion of haste {unknown}
 i - a potion of resistance {unknown}
 k - 2 potions of mutation


   Skills:
 + Level 0.4 Fighting
 + Level 2.2 Short Blades
 + Level 3.4 Dodging
 + Level 4.9 Stealth
 + Level 4.1 Spellcasting
 + Level 4.0 Conjurations


You had 9 spell levels left.
You knew the following spells:

 Your Spells              Type           Power      Damage    Failure   Level
a - Magic Dart            Conj           76%        1d6       2%          1
b - Searing Ray           Conj           38%        2d5       3%          2

Your spell library contained the following spells:

 Spells                   Type           Power      Damage    Failure   Level
 Dazzling Flash           Conj/Hex       22%        N/A       19%         3
 Cigotuvi's Dreadful Rot  Necr/Pois/Air  6%         N/A       21%         2
 Poisonous Vapours        Pois/Air       6%         N/A       21%         2
 Scorch                   Fire           6%         2d5       21%         2
 Mephitic Cloud           Conj/Pois/Air  9%         N/A       24%         3
 Flame Wave               Conj/Fire      11%        2d6       52%         4
 Fulminant Prism          Conj/Hex       5%         3d7       52%         4
 Iskenderun's Mystic Bla  Conj/Tloc      11%        2d4       52%         4
 Summon Cactus Giant      Summ           1%         N/A       100%        6


Dungeon Overview and Level Annotations

Branches:
Dungeon (4/15)
 Temple: D:4-7

Altars:
Hepliaklqana

Annotations:
D:4 Dowan, Duvessa, Grinder, Menkaure


Innate Abilities, Weirdness & Mutations

You are very small and have problems with some larger weapons.
You are too small for most types of armour.
You have supernaturally acute eyesight. (SInv)
You cover ground extremely quickly. (Speed+++)


Message History

Aiming: Searing Ray (safe; 3% risk of failure)
Press: ? - help, Shift-Dir - straight line, f - Grinder
Aim: Grinder (75% to hit)
The searing ray hits Grinder.
Grinder is lightly wounded. (Press . to maintain the ray.)
The orc priest begins to cast a cantrip, but forgets the words!
The searing ray hits Grinder!
Grinder is moderately wounded.
Grinder says, "Just stop there for a second..."
The searing ray hits Grinder!
Grinder is heavily wounded.
The searing ray hits the orc wizard.
The orc wizard is moderately wounded.
A kobold comes into view. It is wielding a +0 club.
The kobold moves out of view.
Grinder blinks!
The orc wizard casts a spell.
The orc wizard flickers and vanishes for a moment.
Casting: Searing Ray (safe; 3% risk of failure)
Confirm with . or Enter, or press ? or * to list all spells.
Aiming: Searing Ray (safe; 3% risk of failure)
Press: ? - help, Shift-Dir - straight line, f/p - Grinder
Aim: Grinder (heavily wounded, 75% to hit)
The searing ray hits Grinder.
Grinder is severely wounded. (Press . to maintain the ray.) Grinder gestures at you.
Pain shoots through your body!
The searing ray hits Grinder!
Grinder is almost dead.
The searing ray misses Grinder.
The orc priest grunts loudly, as Orcs often do.
The searing ray hits Grinder but does no damage.
Grinder is almost dead.
You finish channelling your searing ray.
Grinder blinks!
The orc priest calls down the wrath of Beogh upon you.
Beogh smites you!
You die...

### #......# #.).......# ...
#......#######.........#
....
#...........#.........##
..5.
#......####<.).......#######
.....########
###.######........ .....#
#)# ######### ......########
#.# o....)....o.o#####5#
.....#######(ยง..@..# ....
######......# ... ...###...
## ....# # #....# ######


You could see Grinder, an orc priest and an orc wizard (invisible).

Vanquished Creatures
  A hound (D:4)
  Natasha (D:4)
  An iguana (D:4)
  An orc wizard (D:4)
  3 gnolls (D:3)
  6 adders
  An ufetubus (D:4)
  A worm (D:2)
  2 dart slugs
  6 orcs
  6 bats
  An endoplasm (D:2)
  A giant cockroach (D:2)
  4 hobgoblins
  3 jackals (D:4)
  7 kobolds
  2 quokkas
  2 ball pythons
  3 frilled lizards
  4 goblins
  6 rats
62 creatures vanquished.

Notes
Turn   | Place    | Note
-------+----------+-------------------------------------------
     0 | D:1      | SmokeWeed the Spriggan Conjurer began the quest for the
                  | Orb.
     0 | D:1      | Reached XP level 1. HP: 9/9 MP: 5/5
   108 | D:1      | You fall into a shaft and drop 1 floor!
   155 | D:2      | Reached XP level 2. HP: 13/13 MP: 0/6
   819 | D:2      | Reached XP level 3. HP: 16/16 MP: 5/8
  1277 | D:2      | Identified the +4 rapier of Dismay {flame, rF+++}
  1446 | D:2      | Learned a level 2 spell: Searing Ray
  1902 | D:2      | Reached XP level 4. HP: 21/21 MP: 10/10
  2099 | D:3      | Reached skill level 1 in Short Blades
  2374 | D:3      | Found a hazy altar of Hepliaklqana.
  2737 | D:4      | Reached XP level 5. HP: 24/24 MP: 6/11
  3007 | D:4      | Noticed Dowan
  3015 | D:4      | Noticed Duvessa
  3081 | D:4      | Noticed Natasha
  3087 | D:4      | Killed Natasha
  3155 | D:4      | Noticed Menkaure
  3257 | D:4      | Noticed Grinder
  3279 | D:4      | Killed from afar by an orc priest

Illustrated notes

Levels and vault maps discovered:
D:1:      saegor_arrival_simple_b, layout_rooms,
          ebering_ecumenical_altar_sacrificial
D:2:      layout_basic
D:3:      layout_basic, lemuel_coloured_pillars_altar, st_stairs_12,
          dreamdust_mushroom_princess
D:4:      layout_rooms, uniq_natasha, uniq_menkaure, uniq_duvessa, uniq_grinder

Skill      XL: |  1  2  3  4  5 |
---------------+----------------+-----
Conjurations   | 3 4 |  4.0
Spellcasting   | 3 4 |  4.1
Dodging        | 3 |  3.4
Short Blades   | 1 2 |  2.2
Stealth        | 4 |  4.9
Fighting       | |  0.4

Action                   |  1- 3 |  4- 6 || total
-------------------------+-------+-------++-------
Melee: Rapier            |    14 |    32 ||    46
 Cast: Magic Dart        |    61 |    18 ||    79
       Searing Ray       |     1 |     8 ||     9
  Use: Scroll            |     1 |     4 ||     5
 Stab: Sleeping          |     2 |     6 ||     8
Armor: Robe              |     1 |     1 ||     2
Dodge: Dodged            |    13 |    23 ||    36

Table legend: (Time is in decaauts)
 A = Elapsed time spent in this place.
 B = Non-inter-level travel time spent in this place.
 C = Inter-level travel time spent in this place.
 D = Time resting spent in this place.
 E = Time spent auto-exploring this place.
 F = Levels seen in this place.
 G = Mean time per level.
                   A        B        C        D        E       F      G
               +--------+--------+--------+--------+--------+-----+--------+
         Total |   2560 |   2477 |     83 |    620 |   1412 |   4 |  640.0 |
       Dungeon |   2560 |   2477 |     83 |    620 |   1412 |   4 |  640.0 |
               +--------+--------+--------+--------+--------+-----+--------+

Top non-repeatable levels by time:
     D:2: 1504 daAuts
     D:3: 517 daAuts
     D:4: 445 daAuts
     D:1: 92 daAuts
